 Dungeon Crawl Stone Soup version 0.21.0 (webtiles) character file.

6287 MenacingMecha the Cleaver (level 10, -4/111 HPs)
             Began as a Demonspawn Berserker on Jan 6, 2018.
             Was a High Priest of Trog.
             Slain by Snorg (18 damage)
             ... on level 10 of the Dungeon.
             The game lasted 00:37:54 (10574 turns).

MenacingMecha the Cleaver (Demonspawn Berserker)   Turns: 10574, Time: 00:37:56

Health: -4/111     AC: 19    Str: 23    XL:     10   Next: 63%
Magic:  3/3        EV: 12    Int:  9    God:    Trog [*****.]
Gold:   103        SH:  0    Dex: 15    Spells: 9/9 levels left

rFire    + . .     SeeInvis +   G - +8 battleaxe (antimagic)
rCold    . . .     Gourm    .   (shield currently unavailable)
rNeg     . . .     Faith    .   b - +4 scale mail {rPois}
rPois    +         Spirit   .   e - +0 helmet {SInv}
rElec    .         Reflect  .   (no cloak)
rCorr    .         Harm     .   w - +1 pair of gloves
MR       +....                  l - +0 pair of boots
Stlth    ..........             (no amulet)
HPRegen  0.28/turn              k - +4 ring of protection
MPRegen  0.08/turn              a - -3 ring of protection (curse)

@: berserking, very quick
A: claws 1, thin metallic scales 2, fire resistance 1, magic resistance 1, wild
magic 1
a: Berserk, Trog's Hand, Brothers in Arms, Burn Spellbooks, Renounce Religion


You were on level 10 of the Dungeon.
You worshipped Trog.
Trog was extremely pleased with you.
You were hungry.

You visited 1 branch of the dungeon, and saw 10 of its levels.
You also visited: Sewer.

You collected 439 gold pieces.
You spent 336 gold pieces at shops.

Inventory:

Hand Weapons
 d - a +1 hand axe of draining
 y - a +2 whip of flaming
 G - a +8 antimagic battleaxe (weapon)
Missiles
 m - 209 stones
 J - 18 tomahawks (quivered)
Armour
 b - a +4 scale mail of poison resistance (worn)
 e - a +0 helmet of see invisible (worn)
 g - a +0 ring mail
 h - a +0 shield
 l - a +0 pair of boots (worn)
 w - a +1 pair of gloves (worn)
 L - +0 steam dragon scales
Jewellery
 a - a cursed -3 ring of protection (right hand)
 k - a +4 ring of protection (left hand)
 C - an uncursed ring of ice
 E - an uncursed ring of protection from cold
 F - an uncursed amulet of rage
Wands
 r - a wand of iceblast (21)
 t - a wand of random effects (25)
 u - a wand of flame (25)
 A - a wand of acid (5)
Scrolls
 i - 2 scrolls of enchant armour
 j - 6 scrolls of identify
 n - 2 scrolls of magic mapping
 x - 3 scrolls of blinking
 I - 3 scrolls of teleportation
Potions
 f - 4 potions of curing
 o - a potion of invisibility
 p - a potion of flight
 v - a potion of might
 z - 3 potions of heal wounds
 H - a potion of haste
Books
 q - a book of Minor Magic

   Spells                             Type                      Level
   a - Magic Dart                     Conjuration                  1
   b - Blink                          Translocation                2
   c - Call Imp                       Summoning                    2
   d - Slow                           Hexes                        2
   e - Conjure Flame                  Conjuration/Fire             3
   f - Mephitic Cloud                 Conjuration/Poison/Air       3
   Trog disapproves of the use of such an item.
 B - a book of Minor Magic

   Spells                             Type                      Level
   a - Magic Dart                     Conjuration                  1
   b - Blink                          Translocation                2
   c - Call Imp                       Summoning                    2
   d - Slow                           Hexes                        2
   e - Conjure Flame                  Conjuration/Fire             3
   f - Mephitic Cloud                 Conjuration/Poison/Air       3
   Trog disapproves of the use of such an item.
Comestibles
 c - 13 rations


   Skills:
 * Level 5.3 Fighting
   Level 2.9 Long Blades
 - Level 12.7 Axes
 + Level 3.1 Armour
 * Level 4.3 Dodging
 + Level 2.7 Stealth


You had 9 spell levels left.
You didn't know any spells.

Dungeon Overview and Level Annotations

Branches:
Dungeon (10/15)            Temple (0/1) D:5
   Lair: D:8-11         Orc: D:9-12

Altars:
Ashenzari
Gozag
Kikubaaqudgha
Wu Jian

Shops:
D:6 [

Annotations:
D:7 Joseph
D:8 exclusion: hydra
D:10 Snorg


Innate Abilities, Weirdness & Mutations

You have sharp fingernails.
You are mostly covered in thin metallic scales. (AC +3)
Your flesh is heat resistant. (rF+)
You are resistant to hostile enchantments. (MR+)
Your spells are a little harder to cast, but a little more powerful.


Message History

Snorg claws you but does no damage.
You slice Snorg!!
Snorg is moderately wounded.
Snorg bites you but does no damage. Snorg closely misses you. Snorg claws you!!
You carve Snorg like a ham!!!
Snorg is heavily wounded.
You closely miss the warg.
You hear a shout! x6
The warg barely misses you. Snorg bites you! Snorg claws you!
* * * LOW HITPOINT WARNING * * *
Snorg barely misses you.
An orc comes into view. It is wielding a hand axe.
You slash Snorg!
Snorg is severely wounded.
You slash the warg! The warg bites you.
* * * LOW HITPOINT WARNING * * *
Snorg bites you but does no damage. Snorg claws you!
* * * LOW HITPOINT WARNING * * *
Snorg claws you!!
You die...

#.........
#.......: o
#.......# ..
#.......##...
####............
...........o....
.......Th.......
.......รท@.......
..##############


You could see Snorg (berserk), a warg, an orc wizard and an orc.

Vanquished Creatures
  2 two-headed ogres
  2 centaur skeletons (D:9)
  Prince Ribbit (D:6)
  4 yaks (D:10)
  A steam dragon (D:7)
  Menkaure (D:6)
  A warg (D:9)
  Duvessa (D:4)
  3 orc warriors
  An ice beast (D:7)
  2 sky beasts (D:8)
  2 ogres
  A necrophage (D:8)
  4 centaurs
  A phantom (D:9)
  2 big kobolds
  3 bullfrogs
  A water moccasin skeleton (D:4)
  Dowan (D:4)
  6 killer bees (D:7)
  A scorpion (D:3)
  3 howler monkeys
  4 crimson imps
  A quasit (D:9)
  A hound (D:7)
  2 bullfrog zombies
  2 iguanas
  5 orc priests
  6 orc wizards
  A bullfrog skeleton (D:7)
  Natasha (thrice) (D:2)
  6 worker ants
  A hound zombie (D:5)
  A hound skeleton (D:4)
  15 adders
  9 gnolls
  A river rat (Sewer)
  A shadow imp (D:9)
  4 oozes
  2 adder zombies
  5 worms
  A dart slug (D:1)
  4 leopard geckos
  33 orcs
  8 giant cockroaches
  14 hobgoblins
  10 jackals
  6 quokkas
  10 ball pythons
  9 bats
  8 frilled lizards
  6 goblins
  A jackal zombie (D:5)
  20 kobolds
  A leopard gecko skeleton (D:4)
  33 rats
278 creatures vanquished.

Notes
Turn   | Place    | Note
-------+----------+-------------------------------------------
     0 | D:1      | MenacingMecha the Demonspawn Berserker began the quest for the Orb.
     0 | D:1      | Reached XP level 1. HP: 18/18 MP: 1/1
    49 | D:1      | Reached skill level 1 in Axes
   122 | D:1      | Gained mutation: Your flesh is heat resistant. (rF+) [demonic ancestry]
   122 | D:1      | Reached XP level 2. HP: 21/24 MP: 2/2
   895 | D:1      | Reached skill level 2 in Axes
  1105 | D:2      | Reached ** piety under Trog
  1105 | D:2      | Reached XP level 3. HP: 25/29 MP: 3/3
  1526 | D:2      | Noticed Natasha
  1538 | D:2      | Killed Natasha
  1538 | D:2      | Reached skill level 3 in Axes
  1538 | D:2      | Gained mutation: You are partially covered in thin metallic scales. (AC +2) [demonic ancestry]
  1538 | D:2      | Reached XP level 4. HP: 20/35 MP: 4/4
  1692 | D:2      | Found an ornate altar of the Wu Jian Council.
  1694 | D:2      | Found an ancient bone altar of Kikubaaqudgha.
  1708 | D:2      | Found an opulent altar of Gozag.
  1709 | D:2      | Found a shattered altar of Ashenzari.
  1756 | D:2      | Noticed Natasha
  1771 | D:2      | Killed Natasha
  1871 | D:2      | Noticed Natasha
  1877 | D:2      | Killed Natasha
  1877 | D:2      | Reached skill level 4 in Axes
  1907 | D:2      | Reached XP level 5. HP: 37/41 MP: 5/5
  1914 | D:2      | Found a faded altar of an unknown god.
  2730 | D:3      | Reached skill level 5 in Axes
  2898 | D:3      | Reached XP level 6. HP: 44/47 MP: 6/6
  2977 | D:3      | Reached *** piety under Trog
  3902 | D:4      | Reached skill level 6 in Axes
  4181 | D:4      | Noticed Dowan
  4182 | D:4      | Noticed Duvessa
  4339 | D:4      | Reached **** piety under Trog
  4425 | D:4      | Gained mutation: You have sharp fingernails. [demonic ancestry]
  4425 | D:4      | Reached XP level 7. HP: 47/52 MP: 7/7
  4570 | D:5      | Entered Level 5 of the Dungeon
  4612 | D:5      | Reached skill level 7 in Axes
  4878 | D:5      | Found a staircase to the Ecumenical Temple.
  5044 | D:6      | Noticed Prince Ribbit
  5191 | D:6      | Reached skill level 8 in Axes
  5246 | D:6      | Reached XP level 8. HP: 41/58 MP: 8/8
  5430 | D:6      | Found a glowing drain.
  5434 | Sewer    | Entered a sewer
  5563 | Sewer    | Reached ***** piety under Trog
  5751 | Sewer    | Received a gift from Trog
  5751 | Sewer    | Reached skill level 9 in Axes
  5891 | D:6      | Found Pezoehos's Armour Shop.
  5892 | D:6      | Noticed Menkaure
  5895 | D:6      | Killed Menkaure
  5907 | D:6      | Killed Prince Ribbit
  6080 | D:6      | Reached skill level 10 in Axes
  6483 | D:6      | You fall through a shaft!
  6786 | D:7      | Noticed Joseph
  7091 | D:7      | Gained mutation: You are mostly covered in thin metallic scales. (AC +3) [demonic ancestry]
  7091 | D:7      | Reached XP level 9. HP: 62/63 MP: 3/9
  7376 | D:7      | Reached skill level 11 in Axes
  7826 | D:8      | Noticed a six-headed hydra
  8061 | D:8      | Gained mutation: You are clumsy. (Dex -2) [potion of mutation]
  8061 | D:8      | Lost mutation: You are clumsy. (Dex -2) [potion of mutation]
  8061 | D:8      | Gained mutation: You are resistant to hostile enchantments. (MR+) [potion of mutation]
  8061 | D:8      | Gained mutation: Your spells are a little harder to cast, but a little more powerful. [potion of mutation]
  8267 | D:9      | Reached skill level 12 in Axes
  8769 | D:9      | Noticed a two-headed ogre
  9124 | D:6      | Bought a +4 scale mail of poison resistance for 336 gold pieces
  9166 | D:4      | Reached XP level 10. HP: 57/70 MP: 3/10
  9661 | D:4      | Killed Dowan
  9677 | D:4      | Killed Duvessa
  9806 | D:8      | Noticed a two-headed ogre
  9812 | D:8      | Killed a two-headed ogre
  9812 | D:8      | Reached skill level 1 in Stealth
  9903 | D:8      | Identified a scroll of acquirement
 10061 | D:9      | Killed a two-headed ogre
 10352 | D:10     | Entered Level 10 of the Dungeon
 10356 | D:10     | Noticed Snorg
 10358 | D:10     | Reached skill level 5 in Fighting
 10574 | D:10     | Slain by Snorg

Skill      XL: |  1  2  3  4  5  6  7  8  9 10 |
---------------+-------------------------------+-----
Axes           | 1 2 3 4 5 6 8 10 12 | 12.7
Dodging        | 4 |  4.3
Armour         | 3 |  3.1
Stealth        | 2 |  2.7
Fighting       | 5 |  5.3
Long Blades    | |  2.9

Action                   |  1- 3 |  4- 6 |  7- 9 | 10-12 || total
-------------------------+-------+-------+-------+-------++-------
Melee: Hand axe          |    91 |   278 |   176 |       ||   545
       Falchion          |     3 |       |       |       ||     3
       Battleaxe         |       |       |   191 |    61 ||   252
Throw: Stone             |       |     4 |     7 |       ||    11
       Tomahawk          |       |       |     2 |     5 ||     7
Invok: Berserk           |       |     1 |     1 |     3 ||     5
Evoke: Wand              |       |     1 |       |       ||     1
  Use: Scroll            |     2 |       |    13 |     2 ||    17
       Potion            |       |       |    11 |       ||    11
 Stab: Distracted        |       |       |     1 |       ||     1
  Eat: Chunk             |     2 |    10 |    13 |     4 ||    29
       Ration            |       |       |     1 |     1 ||     2
Armor: Animal skin       |    10 |     3 |       |       ||    13
       Leather armour    |    18 |       |       |       ||    18
       Chain mail        |       |    85 |       |       ||    85
       Ring mail         |       |    77 |   105 |       ||   182
       Steam dragon scal |       |       |    52 |       ||    52
       Scale mail        |       |       |     5 |    33 ||    38
Dodge: Dodged            |    61 |   135 |   232 |    41 ||   469
       Rpst.: Falchion   |     1 |       |       |       ||     1
